 Dungeon Crawl Stone Soup version 0.31-a0-4-gefa6de2278 (webtiles) character file.

Game seed: 2082321353488859677

7630 Darkkill the Nimble (level 10, -4/94 HPs)
             Began as a Minotaur Hunter on May 4, 2023.
             Was an Initiate of Gozag.
             Slain by a yak (15 damage)
             ... on level 10 of the Dungeon.
             The game lasted 00:13:18 (8328 turns).

Darkkill the Nimble (Minotaur Hunter)               Turns: 8328, Time: 00:13:18

Health: -4/94      AC:  5    Str: 15    XL:     10   Next: 98%
Magic:  9/9        EV: 19    Int:  6    God:    Gozag
Gold:   472        SH:  5    Dex: 19    Spells: 9/9 levels left

rFire   . . .        a - +0 triple crossbow
rCold   . . .        (shield currently unavailable)
rNeg    . . .        c - +0 leather armour
rPois   .            n - +1 hat
rElec   .            I - scarf {repulsion}
rCorr   .            L - +0 pair of gloves
SInv    .            (no boots)
Will    .....        p - amulet of reflection
Stlth   ++++         (no ring)
HPRegen 0.35/turn    (no ring)
MPRegen 0.11/turn

%: repel missiles, reflection
@: studying Dodging
A: horns 2, retaliatory headbutt
a: Renounce Religion, Potion Petition, Call Merchant, Bribe Branch


You were on level 10 of the Dungeon.
You worshipped Gozag.
Gozag was aware of your devotion.
You visited 2 branches of the dungeon, and saw 11 of its levels.

You collected 1400 gold pieces.
You spent 188 gold pieces at shops.
You paid 740 gold pieces to Gozag.

Inventory:

Hand Weapons
 a - a +0 triple crossbow (weapon)
 b - a +2 whip of flaming
Missiles
 e - 61 stones
 h - 2 javelins
 r - 10 boomerangs
 u - 19 poisoned darts
 v - a throwing net {=f !f}
 w - 4 boomerangs of dispersal {=f !f}
 G - 3 silver boomerangs
Armour
 c - a +0 leather armour (worn)
 j - a +1 tower shield of protection
 n - a +1 hat (worn)
 I - a scarf of repulsion (worn)
 L - a +0 pair of gloves (worn)
Magical Staves
 f - a staff of fire
Jewellery
 p - an amulet of reflection (around neck)
Wands
 g - a wand of quicksilver (31)
 k - a wand of digging (7)
 s - a wand of mindburst (12)
 t - a wand of charming (4)
 y - a wand of roots (4)
 F - a wand of flame (15)
Scrolls
 d - 2 scrolls of immolation
 H - a scroll of fear
 J - a scroll of enchant armour
Potions
 i - a potion of ambrosia
 l - 2 potions of mutation
 m - 3 potions of cancellation
 o - a potion of flight
 q - 3 potions of attraction
 x - 2 potions of brilliance
 z - a potion of invisibility {unknown}
 A - a potion of berserk rage {unknown}
 B - 2 potions of haste {unknown}
 D - 2 potions of might
 E - a potion of magic {unknown}


   Skills:
 + Level 10.4 Fighting
 + Level 10.4 Ranged Weapons
 + Level 11.7 Dodging
 + Level 7.8 Stealth


You had 9 spell levels left.
You didn't know any spells.
Your spell library contained the following spells:

 Spells                   Type           Power      Damage    Failure   Level
 Kiss of Death            Conj/Necr      0%         2d5       52%         1
 Sublimation of Blood     Necr           0%         N/A       67%         2
 Confusing Touch          Hex            0%         N/A       88%         3
 Ozocubu's Armour         Ice            0%         N/A       88%         3
 Dispel Undead            Necr           0%         3d6       99%         4
 Petrify                  Tmut/Erth      0%         N/A       99%         4
 Irradiate                Conj/Tmut      0%         3d11      100%        5
 Ozocubu's Refrigeration  Ice            0%         4d7       100%        7


Dungeon Overview and Level Annotations

Branches:
Dungeon (10/15)            Temple (1/1) D:5             Orc (0/2) D:9
   Lair: D:8-11

Altars:
Cheibriados
Dithmenos
Elyvilon
Fedhas
Gozag
Hepliaklqana
Nemelex Xobeh
Okawaru
Ru
Sif Muna
Trog
Vehumet
Wu Jian
Zin
The Shining One

Shops:
D:4 [   D:5 (

Annotations:
D:4 1 transporter, blaah's ghost, weakling DsGl


Innate Abilities, Weirdness & Mutations

You have a pair of horns on your head.
You reflexively headbutt those who attack you in melee.


Message History

The yak gores you. x2
The meliai zombie is distracted by your dazzling golden aura.
The yak barely misses you. The yak closely misses you.
You block the yak's attack.
There are monsters nearby!
There are monsters nearby!
You shoot a bolt. The bolt hits the yak!
The yak is severely wounded.
The meliai zombie is no longer distracted by gold.
The yak is distracted by your dazzling golden aura.
You block the yak's attack. The yak misses you. You furiously retaliate!
You headbutt the yak. The yak gores you. The yak barely misses you.
There are monsters nearby!
You shoot a bolt. The bolt barely misses the yak.
The yak gores you! The yak barely misses you.
There are monsters nearby!
You shoot a bolt. The bolt hits the yak!!!
You kill the yak!
The yak gores you! The meliai zombie barely misses you.
You furiously retaliate!
You headbutt the meliai zombie. The meliai zombie hits you. The yak misses you.
The meliai zombie closely misses you. You furiously retaliate!
You headbutt the meliai zombie! The meliai zombie misses you.
There are monsters nearby!
You are too injured to fight recklessly!
There are monsters nearby!
You are too injured to fight recklessly!
You are too injured to fight recklessly!
There are monsters nearby!
You are too injured to fight recklessly!
There are monsters nearby!
There are monsters nearby!
You are too injured to fight recklessly!
You shoot a bolt. The bolt closely misses the yak.
The yak is no longer distracted by gold.
The meliai zombie hits you!
The meliai zombie hits you but does no damage.
The meliai zombie barely misses you. x2; The yak gores you!
The yak misses you.
The meliai zombie completely misses you.
You furiously retaliate!
You headbutt the meliai zombie! The meliai zombie closely misses you.
You block the yak's attack. The yak gores you!
You feel better.
The meliai zombie hits you but does no damage.
You block the meliai zombie's attack. The meliai zombie hits you.
The meliai zombie misses you. The yak closely misses you. x2
You furiously retaliate!
You headbutt the yak, but do no damage. You shoot a bolt.
The bolt hits the meliai zombie!!!
You destroy the meliai zombie!
The yak gores you. You block the yak's attack. The yak gores you.
The yak is distracted by your dazzling golden aura.
The yak bellows!
Fire: a) +0 triple crossbow
Press: ? - help, Q - select action, (/) - cycle Shift-Dir - straight line, f - yak
Aim: a yak (lightly wounded, 76% to hit)
You shoot a bolt. The bolt hits the yak!!!
You kill the yak!
The yak closely misses you. x2
Fire: a) +0 triple crossbow
Press: ? - help, Q - select action, (/) - cycle Shift-Dir - straight line, f - yak
Aim: a yak (76% to hit)
You shoot a bolt. The bolt barely misses the yak.
The yak gores you. The yak barely misses you.
Fire: a) +0 triple crossbow
Press: ? - help, Q - select action, (/) - cycle Shift-Dir - straight line, f/p - yak
Aim: a yak (76% to hit)
You shoot a bolt. The bolt hits the yak!
The yak is heavily wounded.
The yak closely misses you.
Fire: a) +0 triple crossbow
Press: ? - help, Q - select action, (/) - cycle Shift-Dir - straight line, f/p - yak
Aim: a yak (heavily wounded, 76% to hit)
You shoot a bolt. The bolt barely misses the yak.
The yak closely misses you. The yak gores you!
* * * LOW HITPOINT WARNING * * *
Fire: a) +0 triple crossbow
Press: ? - help, Q - select action, (/) - cycle Shift-Dir - straight line, f/p - yak
Aim: a yak (heavily wounded, 76% to hit)
You shoot a bolt. The bolt completely misses the yak.
A centaur warrior zombie comes into view.
You block the yak's attack. The yak gores you!
* * * LOW HITPOINT WARNING * * *
Fire: a) +0 triple crossbow
Press: ? - help, Q - select action, (/) - cycle Shift-Dir - straight line, f/p - yak
Aim: a yak (heavily wounded, 76% to hit)
Okay, then.
You feel better. You block the yak's attack.
Aiming: Quicksilver Bolt
Press: ? - help, Q - select action, (/) - cycle Shift-Dir - straight line, f/p - yak
Aim: a yak (heavily wounded, 83% to hit)
The bolt of dispelling energy misses the yak.
The yak closely misses you.
Aiming: Quicksilver Bolt
Press: ? - help, Q - select action, (/) - cycle Shift-Dir - straight line, f/p - yak
Aim: a yak (heavily wounded, 83% to hit)
The bolt of dispelling energy hits the yak!
The yak is severely wounded.
The yak gores you!
You die...
Your body crumbles into a pile of gold.

###### P.....# ..~~~P.
P~~~~..#################
~~~~~~.<................
..~~.......)..).........
........)#.....######...
...Z...........######.).
#######@###.............
......Y$$.#............#
.....)....#.....######'#
..........#.....#.......
...$......#.###.#.......
..........' #.......
..........#. #.......
..##'######.. #..##.##
####..##.##


You could see a yak and a centaur warrior zombie.

Vanquished Creatures
  2 two-headed ogres
  An ugly thing (D:7)
  A centaur zombie (D:10)
  A hornet (D:7)
  2 meliai zombies (D:10)
  A wraith (D:10)
  13 yaks
  Eustachio (D:6)
  2 sky beasts
  5 orc warriors
  An ice beast (D:8)
  3 ogres
  A black bear (D:6)
  4 centaurs
  A phantom (D:7)
  A kobold brigand (D:9)
  Blork the orc (D:4)
  A bullfrog (D:9)
  A gnoll sergeant (D:9)
  4 wights
  4 howler monkeys
  3 jellies
  5 orc priests
  2 hounds
  A sleepcap (D:7)
  3 iguanas
  6 orc wizards
  8 gnolls
  9 adders
  A shadow imp (D:4)
  2 ufetubi
  2 worms
  2 dart slugs
  46 orcs
  6 ball pythons
  6 endoplasms
  7 giant cockroaches
  2 goblins
  4 hobgoblins
  7 quokkas
  3 training dummies (D:5)
  5 bats
  2 frilled lizards (D:1)
  12 kobolds
  7 rats
202 creatures vanquished.

Vanquished Creatures (others)
  An orc wizard (D:4)
  An orc (D:9)
2 creatures vanquished.

Grand Total: 204 creatures vanquished

Notes
Turn   | Place    | Note
-------+----------+-------------------------------------------
     0 | D:1      | Darkkill the Minotaur Hunter began the quest for the Orb.
     0 | D:1      | Reached XP level 1. HP: 18/18 MP: 0/0
   155 | D:1      | Reached skill level 1 in Stealth
   220 | D:1      | Reached XP level 2. HP: 25/25 MP: 1/1
   865 | D:2      | Reached XP level 3. HP: 18/31 MP: 2/2
   878 | D:2      | HP: 5/31 [frozen (5)]
  1060 | D:2      | Reached skill level 3 in Dodging
  1087 | D:2      | Found a bloodstained altar of Trog.
  1274 | D:2      | Reached XP level 4. HP: 38/38 MP: 3/3
  2043 | D:3      | Reached skill level 5 in Ranged Weapons
  2497 | D:4      | Reached XP level 5. HP: 35/46 MP: 4/4
  2548 | D:4      | Found a transporter.
  2549 | D:4      | Noticed blaah's ghost (weakling DsGl)
  2551 | D:4      | Noticed an ogre
  2553 | D:4      | Noticed an ogre
  2759 | D:4      | Noticed Blork the orc
  2775 | D:4      | Killed Blork the orc
  2776 | D:4      | Reached skill level 4 in Dodging
  2776 | D:4      | Reached XP level 6. HP: 16/53 MP: 5/5
  3089 | D:4      | Found Mefaojage's Antique Armour Emporium.
  3308 | D:5      | Entered Level 5 of the Dungeon
  3516 | D:5      | Reached skill level 5 in Fighting
  3516 | D:5      | Reached XP level 7. HP: 61/61 MP: 6/6
  3568 | D:5      | Found Fimney's Firing Range.
  3573 | D:5      | Bought a +0 arbalest for 58 gold pieces
  3573 | D:5      | Bought a +0 triple crossbow for 130 gold pieces
  3807 | D:5      | Found a staircase to the Ecumenical Temple.
  3924 | D:5      | Found a shadowy altar of Dithmenos.
  4057 | Temple   | Entered the Ecumenical Temple
  4073 | Temple   | Became a worshipper of Gozag Ym Sagoz the Greedy
  4112 | D:6      | Noticed Eustachio
  4114 | D:6      | Killed Eustachio
  4115 | D:6      | Reached skill level 5 in Dodging
  4864 | D:7      | Reached XP level 8. HP: 60/70 MP: 7/7
  5148 | D:7      | Noticed a green ugly thing
  5155 | D:7      | Killed a green ugly thing
  5156 | D:7      | Reached skill level 6 in Dodging
  5156 | D:7      | Reached skill level 5 in Stealth
  5366 | D:7      | Noticed a hornet
  5369 | D:7      | Reached skill level 7 in Dodging
  5369 | D:7      | Reached XP level 9. HP: 50/79 MP: 8/8
  5380 | D:7      | Reached skill level 8 in Dodging
  5697 | D:8      | Noticed a two-headed ogre
  5704 | D:8      | Killed a two-headed ogre
  5704 | D:8      | HP: 15/81 [something/magic dart (6)]
  5705 | D:8      | Reached skill level 9 in Dodging
  5712 | D:8      | Found a sacrificial altar of Ru.
  5712 | D:8      | Found an iron altar of Okawaru.
  6263 | D:8      | Reached XP level 10. HP: 45/91 MP: 9/9
  6769 | D:8      | HP: 14/83 [wight/+0 dagger (8)]
  6775 | D:8      | Reached skill level 10 in Dodging
  6972 | D:9      | Noticed a two-headed ogre
  6974 | D:9      | Killed a two-headed ogre
  7816 | D:9      | Found a staircase to the Orcish Mines.
  8016 | D:10     | Entered Level 10 of the Dungeon
  8088 | D:10     | Reached skill level 10 in Fighting
  8088 | D:10     | Reached skill level 10 in Ranged Weapons
  8088 | D:10     | Reached skill level 11 in Dodging
  8324 | D:10     | HP: 17/94 [yak (13)]
  8325 | D:10     | HP: 3/94 [yak (15)]
  8328 | D:10     | Slain by a yak

Illustrated notes

Levels and vault maps discovered:
D:1:      matt_arrival_grand_opening, layout_basic
D:2:      layout_basic, basic_altar, grunt_decor_fettered
D:3:      layout_rooms
D:4:      layout_basic, gammafunk_ghost_smash, serial_shops,
          nicolae_shop_pleasant_corner_grove, uniq_blork_the_orc
D:5:      layout_loops_ring, mainiacjoe_overflow_tiny_flanked,
          minmay_temple_entry_gardened_gates, nicolae_shop_firing_range
D:6:      layout_gridville, uniq_eustachio
D:7:      layout_loops_cross, minmay_manual_mail
D:8:      layout_basic, grunt_temple_overflow_open
D:9:      layout_basic, david_orc_2
D:10:     layout_stronghold, serial_undead, serial_undead_c, serial_undead_f,
          serial_undead_d, serial_undead_a
Temple:   compressed_dpeg_triangle_lava_temple

Skill      XL: |  1  2  3  4  5  6  7  8  9 10 |
---------------+-------------------------------+-----
Stealth        | 1 2 3 4 5 6 7 |  7.8
Fighting       | 3 4 5 6 7 9 10 | 10.4
Dodging        | 3 4 5 7 9 11 | 11.7
Ranged Weapons | 5 6 7 9 10 | 10.4

Action                     |  1- 3 |  4- 6 |  7- 9 | 10-12 || total
---------------------------+-------+-------+-------+-------++-------
  Melee: Whip              |       |       |       |     3 ||     3
         Headbutt          |       |       |       |     1 ||     1
   Fire: Shortbow          |   109 |   178 |     3 |       ||   290
         Triple crossbow   |       |       |   143 |   121 ||   264
 Invoke: Potion Petition   |       |       |       |     1 ||     1
  Evoke: Wand              |       |     2 |       |     2 ||     4
    Use: Scroll            |     2 |     7 |     9 |     5 ||    23
         Potion            |       |     1 |     2 |     3 ||     6
 Armour: Leather armour    |     8 |    16 |    19 |    14 ||    57
  Dodge: Dodged            |    27 |    62 |   110 |   134 ||   333
  Block: Other             |       |       |       |    16 ||    16
         Reflection        |       |       |       |     2 ||     2

Table legend: (Time is in decaauts)
 A = Elapsed time spent in this place.
 B = Non-inter-level travel time spent in this place.
 C = Inter-level travel time spent in this place.
 D = Time resting spent in this place.
 E = Time spent auto-exploring this place.
 F = Levels seen in this place.
 G = Mean time per level.
                   A        B        C        D        E       F      G
               +--------+--------+--------+--------+--------+-----+--------+
         Total |   8661 |   8329 |    332 |    849 |   6135 |  11 |  787.4 |
       Dungeon |   8628 |   8296 |    332 |    849 |   6130 |  10 |  862.8 |
        Temple |     32 |     32 |      0 |      0 |      5 |   1 |   32.0 |
               +--------+--------+--------+--------+--------+-----+--------+

Top non-repeatable levels by time:
     D:8: 1623 daAuts
     D:7: 1102 daAuts
     D:2: 1088 daAuts
     D:4: 962 daAuts
     D:5: 785 daAuts
     D:6: 765 daAuts
     D:1: 751 daAuts
     D:9: 609 daAuts
     D:3: 581 daAuts
    D:10: 357 daAuts
  Temple: 32 daAuts

Levels and vault maps discovered:
D:1:      matt_arrival_grand_opening, layout_basic
D:2:      layout_basic, basic_altar, grunt_decor_fettered
D:3:      layout_rooms
D:4:      layout_basic, gammafunk_ghost_smash, serial_shops,
          nicolae_shop_pleasant_corner_grove, uniq_blork_the_orc
D:5:      layout_loops_ring, mainiacjoe_overflow_tiny_flanked,
          minmay_temple_entry_gardened_gates, nicolae_shop_firing_range
D:6:      layout_gridville, uniq_eustachio
D:7:      layout_loops_cross, minmay_manual_mail
D:8:      layout_basic, grunt_temple_overflow_open
D:9:      layout_basic, david_orc_2
D:10:     layout_stronghold, serial_undead, serial_undead_c, serial_undead_f,
          serial_undead_d, serial_undead_a
Temple:   compressed_dpeg_triangle_lava_temple

Table legend: (Time is in decaauts)
 A = Elapsed time spent in this place.
 B = Non-inter-level travel time spent in this place.
 C = Inter-level travel time spent in this place.
 D = Time resting spent in this place.
 E = Time spent auto-exploring this place.
 F = Levels seen in this place.
 G = Mean time per level.
                   A        B        C        D        E       F      G
               +--------+--------+--------+--------+--------+-----+--------+
         Total |   8661 |   8329 |    332 |    849 |   6135 |  11 |  787.4 |
       Dungeon |   8628 |   8296 |    332 |    849 |   6130 |  10 |  862.8 |
        Temple |     32 |     32 |      0 |      0 |      5 |   1 |   32.0 |
               +--------+--------+--------+--------+--------+-----+--------+

Top non-repeatable levels by time:
     D:8: 1623 daAuts
     D:7: 1102 daAuts
     D:2: 1088 daAuts
     D:4: 962 daAuts
     D:5: 785 daAuts
     D:6: 765 daAuts
     D:1: 751 daAuts
     D:9: 609 daAuts
     D:3: 581 daAuts
    D:10: 357 daAuts
  Temple: 32 daAuts

Table legend:
 A = Kills in this place as a percentage of kills in the entire game.
 B = Kills by you in this place as a percentage of kills by you in the entire game.
 C = Kills by friends in this place as a percentage of kills by friends in the entire game.
 D = Other kills in this place as a percentage of other kills in the entire game.
 E = Experience gained in this place as a percentage of experience gained in the entire game.
 F = Experience gained in this place divided by the number of levels of this place that you have seen.
                   A       B       C       D       E      F
               +-------+-------+-------+-------+-------+----------------------
         Total | 100.0 | 100.0 |   N/A | 100.0 | 100.0 | 990.9
       Dungeon | 100.0 | 100.0 |   N/A | 100.0 | 100.0 | 1090.0
               +-------+-------+-------+-------+-------+----------------------
